 Dungeon Crawl Stone Soup version 0.27-a0-1049-g450f9b2e0d (webtiles) character file.

Game seed: 6479210205709565586

10423 kae the Grappler (level 11, -1/126 HPs)
             Began as a Naga Transmuter on Apr 20, 2021.
             Was a High Priest of Cheibriados.
             Slain by a yak (4 damage)
             ... on level 1 of the Lair of Beasts.
             The game lasted 00:13:12 (18017 turns).

kae the Grappler (Naga Transmuter)                 Turns: 18017, Time: 00:13:13

Health: -1/126     AC: 12    Str: 26    XL:     11   Next: 61%
Magic:  16/19      EV: 11    Int: 27    God:    Cheibriados [*****.]
Gold:   687        SH:  0    Dex: 24    Spells: 8/21 levels left

rFire    + . .     SeeInvis +     - Unarmed
rCold    . . .     Faith    .   (shield currently unavailable)
rNeg     . . .     Spirit   .   (armour currently unavailable)
rPois    +         Reflect  .   (helmet currently unavailable)
rElec    .         Harm     .   (cloak currently unavailable)
rCorr    .         Rampage  .   (gloves currently unavailable)
Will     +....                  (no barding)
Stlth    ++........             (no amulet)
HPRegen  0.31/turn              m - ring of protection from fire
MPRegen  0.16/turn              e - +4 ring of protection

@: hydra-form, very slow
A: fast swimmer, devour, amphibious, boosted hp, AC +3, very large, see
invisible, (deformed body), (poison resistance), (slowness 2), spit poison 1,
(naga tail 1)
a: Spit Poison, End Transformation, Renounce Religion, Bend Time, Temporal
Distortion, Slouch, Step From Time


You were on level 1 of the Lair of Beasts.
You worshipped Cheibriados.
Cheibriados was extremely pleased with you.
You were a five-headed hydra.
You visited 2 branches of the dungeon, and saw 11 of its levels.
You also visited: Ossuary and Bailey.

You collected 687 gold pieces.

Inventory:

Missiles
 b - 3 atropa-tipped darts
 c - 7 curare-tipped darts
Armour
 a - a +1 robe (melded)
Jewellery
 e - a +4 ring of protection (right foreclaw)
 m - a ring of protection from fire (left foreclaw)
Wands
 n - a wand of iceblast (6)
 p - a wand of charming (5)
 q - a wand of mindburst (14)
 v - a wand of acid (5)
Scrolls
 k - 2 scrolls of noise
 l - 6 scrolls of teleportation
 s - a scroll of fear
 t - 3 scrolls of identify
 u - a scroll of magic mapping
Potions
 d - a potion of brilliance
 f - 4 potions of attraction
 g - a potion of mutation
 h - 2 potions of degeneration
 i - 3 potions of haste
 j - a potion of flight
 o - 2 potions of lignification
 r - a potion of curing


   Skills:
 + Level 5.6 Fighting
 + Level 5.2 Dodging
 * Level 9.0 Unarmed Combat
 + Level 5.6 Spellcasting
 * Level 8.7 Transmutations
 - Level 4.0 Ice Magic
 - Level 4.0 Poison Magic
 * Level 8.2 Invocations


You had 8 spell levels left.
You knew the following spells:

 Your Spells              Type           Power      Damage    Failure   Level
a - Beastly Appendage     Tmut           100%       N/A       1%          1
b - Spider Form           Tmut/Pois      20%        N/A       1%          3
c - Ice Form              Ice/Tmut       41%        N/A       4%          4
d - Hydra Form            Tmut           26%        N/A       5%          5

Your spell library contained the following spells:

 Spells                   Type           Power      Damage    Failure   Level
 Wereblood                Tmut           53%        N/A       1%          2
 Animate Skeleton         Necr           14%        N/A       7%          1
 Pain                     Necr           28%        1d5       7%          1
 Vampiric Draining        Necr           3%         2d6       21%         3
 Blade Hands              Tmut           26%        N/A       28%         6
 Irradiate                Conj/Tmut      15%        3d18      30%         5
 Animate Dead             Necr           3%         N/A       56%         4
 Dragon Form              Tmut           26%        N/A       85%         7
 Statue Form              Tmut/Erth      20%        N/A       86%         6
 Agony                    Necr           7%         N/A       88%         5


Dungeon Overview and Level Annotations

Branches:
Dungeon (10/15)            Temple (0/1) D:4            Lair (1/6) D:8
Ossuary (visited)          Bailey (visited)
    Orc: D:9-12

Altars:
Cheibriados
Elyvilon
Gozag
Ru
Yredelemnul
Zin

Shops:
D:9 :

Annotations:
D:3 Grinder
D:10 3 runed translucent doors, lollipopguild's ghost, journeyman MiBe


Innate Abilities, Weirdness & Mutations

You are a five-headed hydra.
You swim very quickly.
You can devour living enemies to heal.
You are amphibious.
Your maximum health is greatly increased.
Your armour is entirely melded.
You are incapable of wielding weapons or throwing items.
((Your serpentine skin is tough. (AC +3)))
You have supernaturally acute eyesight. (SInv)
((Armour fits poorly on your strangely shaped body.))
((Your system is resistant to poisons. (rPois)))
((You cover ground very slowly.))
You can spit poison.
((You have a snake-like lower body.))


Message History

You gouge the yak!!
You devour the yak!
You feel better.
You kill the yak!
Cheibriados thoroughly appreciates the change of pace.
You barely miss the cane toad. The cane toad stings you!
The cane toad stings you!!
You are too injured to fight recklessly!
You completely miss the cane toad.
You nip at the cane toad.
The cane toad is lightly wounded.
The cane toad stings you.
You gouge the cane toad!!
The cane toad is almost dead.
The cane toad stings you! The cane toad closely misses you.
You gouge the cane toad!!
You devour the cane toad!
You feel better.
You kill the cane toad!
Cheibriados thoroughly appreciates the change of pace.
The cane toad stings you but does no damage.
You bite the cane toad!
The cane toad is heavily wounded.
The cane toad misses you.
You barely miss the cane toad.
The cane toad is heavily wounded.
The cane toad stings you!
You gouge the cane toad!!
You devour the cane toad!
You feel better.
You kill the cane toad!
Cheibriados thoroughly appreciates the change of pace.
Your Unarmed Combat skill increases to level 9!
The yak gores you. The yak gores you!
* * * LOW HITPOINT WARNING * * *
The yak gores you but does no damage. The yak misses you.
You nip at the yak.
The yak is lightly wounded.
You bite the yak! The yak barely misses you. The yak gores you!
* * * LOW HITPOINT WARNING * * *
You bite the yak!
The yak is heavily wounded.
You nip at the yak.
The yak gores you!
* * * LOW HITPOINT WARNING * * *
The yak gores you.
You die...

##..#
#P######..#
.........##
P#######.#
#.## #..#
#.## #.#
##D# #YY#
#.Y# ....#
.......
........#
........#
........#
........#


You could see 3 yaks.

Vanquished Creatures
  3 two-headed ogres
  A manticore (D:9)
  A black mamba (Lair:1)
  3 cane toads (Lair:1)
  Joseph (Lair:1)
  An unseen horror (D:10)
  A troll (D:8)
  A wyvern (D:9)
  6 yaks
  2 water moccasins (Lair:1)
  3 sky beasts
  2 black bears
  6 orc warriors
  2 ice beasts
  5 ogres
  2 centaurs
  A wolf (D:8)
  2 kobold brigands
  3 bullfrogs
  A wyvern zombie (D:8)
  2 scorpions
  A wyvern skeleton (D:6)
  4 killer bees (D:9)
  11 wights
  A vampire bat (D:4)
  2 electric eels (D:8)
  2 howler monkeys (D:7)
  A bullfrog zombie (D:5)
  6 centaur zombies
  A gnoll shaman (D:10)
  9 hounds
  A jelly (D:5)
  3 orc priests
  2 bullfrog skeletons
  A centaur skeleton (D:6)
  Jessica (D:2)
  7 orc wizards
  4 iguanas
  A howler monkey zombie (D:10)
  9 gnolls
  7 adders
  2 ufetubi (D:5)
  4 adder zombies (Ossuary)
  A worm (D:2)
  4 dart slugs
  3 fire bats (D:4)
  32 orcs
  2 spectral bats (D:4)
  3 bat skeletons (D:4)
  A bat zombie (D:4)
  5 endoplasms
  5 giant cockroaches
  4 goblins
  7 hobgoblins
  5 jackals
  22 kobolds
  2 quokkas
  4 ball pythons
  15 bats
  A bat simulacrum (D:4)
  6 frilled lizards
  A hobgoblin skeleton (Ossuary)
  A hobgoblin zombie (Ossuary)
  2 kobold zombies (Ossuary)
  An orc zombie (Ossuary)
  7 rats
263 creatures vanquished.

Vanquished Creatures (others)
  5 fungi (Lair:1)
  7 plants (Lair:1)
12 creatures vanquished.

Grand Total: 275 creatures vanquished

Notes
Turn   | Place    | Note
-------+----------+-------------------------------------------
     0 | D:1      | kae the Naga Transmuter began the quest for the Orb.
     0 | D:1      | Reached XP level 1. HP: 18/18 MP: 3/3
    36 | D:1      | Found a faded altar of an unknown god.
   109 | D:1      | Reached XP level 2. HP: 13/25 MP: 5/5
  1021 | D:1      | Reached XP level 3. HP: 18/31 MP: 4/6
  1025 | D:1      | Learned a level 3 spell: Spider Form
  1620 | D:2      | Noticed Jessica
  1636 | D:2      | Killed Jessica
  1637 | D:2      | Reached skill level 1 in Poison Magic
  1637 | D:2      | Reached XP level 4. HP: 6/38 MP: 4/7
  2736 | D:3      | Reached XP level 5. HP: 33/45 MP: 4/8
  3033 | D:3      | Noticed Grinder
  3488 | D:4      | Learned a level 4 spell: Ice Form
  3494 | D:4      | Found a sacrificial altar of Ru.
  3497 | D:4      | Found an opulent altar of Gozag.
  3509 | D:4      | Reached skill level 4 in Unarmed Combat
  3912 | D:4      | Reached XP level 6. HP: 39/52 MP: 6/9
  3994 | D:4      | Found a sand-covered staircase.
  4003 | Ossuary  | Entered an ossuary
  4391 | Ossuary  | Noticed a flying skull
  4391 | Ossuary  | Noticed a wraith
  4400 | Ossuary  | Noticed a flying skull
  4404 | Ossuary  | Noticed a flying skull
  4404 | Ossuary  | Noticed a flying skull
  4428 | Ossuary  | Noticed a flying skull
  4436 | Ossuary  | Noticed a wraith
  4757 | D:4      | Found a glowing silver altar of Zin.
  4758 | D:4      | Found a snail-covered altar of Cheibriados.
  4767 | D:4      | Became a worshipper of Cheibriados the Contemplative
  5041 | D:4      | Reached skill level 1 in Ice Magic
  5329 | D:4      | Reached * piety under Cheibriados
  5340 | D:4      | Reached XP level 7. HP: 27/60 MP: 8/11
  5732 | D:4      | Found a staircase to the Ecumenical Temple.
  5837 | D:5      | Entered Level 5 of the Dungeon
  6012 | D:5      | Reached skill level 1 in Invocations
  6275 | D:5      | Reached ** piety under Cheibriados
  6658 | D:5      | Reached skill level 5 in Unarmed Combat
  6658 | D:5      | Reached XP level 8. HP: 68/68 MP: 8/12
  6730 | D:5      | Found a white marble altar of Elyvilon.
  7560 | D:6      | Identified a scroll of acquirement
  7560 | D:6      | Acquired a book of Transfigurations
  7856 | D:6      | Reached skill level 5 in Transmutations
  8417 | D:6      | Reached XP level 9. HP: 76/76 MP: 9/14
  9180 | D:7      | Reached skill level 6 in Unarmed Combat
  9201 | D:7      | Reached *** piety under Cheibriados
  9846 | D:7      | Identified the +1 chain mail "Guevul" {rC+}
 10604 | D:8      | Noticed a troll
 10720 | D:8      | Found a flagged portal.
 10734 | D:8      | Learned a level 5 spell: Hydra Form
 10735 | Bailey   | Entered a bailey
 10907 | Bailey   | Reached skill level 5 in Invocations
 12281 | Bailey   | Reached **** piety under Cheibriados
 13058 | D:8      | Reached XP level 10. HP: 79/85 MP: 11/16
 13064 | D:8      | Found a staircase to the Lair.
 13069 | D:8      | Reached skill level 7 in Unarmed Combat
 15831 | D:9      | Noticed a two-headed ogre
 15841 | D:9      | Killed a two-headed ogre
 15914 | D:9      | Noticed a manticore
 15922 | D:9      | Killed a manticore
 16160 | D:9      | Found Goeq's Book Emporium.
 16189 | D:9      | Reached ***** piety under Cheibriados
 16577 | D:10     | Entered Level 10 of the Dungeon
 16782 | D:10     | Noticed a two-headed ogre
 16787 | D:10     | Killed a two-headed ogre
 16788 | D:10     | Reached skill level 5 in Fighting
 16788 | D:10     | Reached skill level 8 in Unarmed Combat
 16788 | D:10     | Reached skill level 5 in Spellcasting
 16788 | D:10     | Reached XP level 11. HP: 94/94 MP: 12/18
 17025 | D:10     | Noticed a two-headed ogre
 17032 | D:10     | Killed a two-headed ogre
 17076 | D:10     | Found a runed translucent gate.
 17076 | D:10     | Found a runed translucent gate.
 17076 | D:10     | Found a runed translucent gate.
 17076 | D:10     | Noticed lollipopguild's ghost (journeyman MiBe)
 17080 | D:10     | Found a basalt altar of Yredelemnul.
 17129 | D:10     | Reached skill level 5 in Dodging
 17439 | Lair:1   | Entered Level 1 of the Lair of Beasts
 17616 | Lair:1   | Noticed Joseph
 17628 | Lair:1   | Killed Joseph
 18015 | Lair:1   | Reached skill level 9 in Unarmed Combat
 18017 | Lair:1   | HP: 3/126 [yak (16)]
 18017 | Lair:1   | Slain by a yak

Illustrated notes

Levels and vault maps discovered:
D:1:      wander_arrival_abandoned_jail, layout_basic, basic_ecumenical_altar
D:2:      layout_basic, corexii_item_surrounded_by_moat, uniq_jessica
D:3:      layout_rooms, uniq_grinder, uniq_crazy_yiuf_cottage
D:4:      layout_cave_pools, grunt_temple_overflow_open, jmf_multi_god_temple,
          minmay_temple_entry_antechambers, enter_ossuary_1,
          serial_column_ruins, column_ruins_hut_ruined,
          column_ruins_square_small, column_ruins_columns_straight,
          column_ruins_columns_dead_end, column_ruins_grid_1,
          column_ruins_open_tiny, column_ruins_open_small_water, goddamned_bats
D:5:      layout_basic, amcnicky_altar_gilded, minivault_27, kennysheep_dice
D:6:      layout_gridville, serial_bayou_pond_d
D:7:      layout_cave_pools, grunt_decor_resistance
D:8:      layout_cave_pods, erik_lair_island, enter_bailey_2,
          kennysheep_cluttered_room, hangedman_decor_peaks_small
D:9:      layout_rooms, serial_shops, shop, abandoned_shop,
          kennysheep_generic_room_3
D:10:     layout_roguey, nicolae_yredelemnul_ghost_church
Lair:1:   layout_long_grid, uniq_fannar, uniq_joseph

Skill      XL: |  1  2  3  4  5  6  7  8  9 10 11 |
---------------+----------------------------------+-----
Dodging        | 2 3 4 5 |  5.2
Poison Magic   | 1 2 3 4 |  4.0
Transmutations | 3 4 5 6 7 8 |  8.7
Unarmed Combat | 4 5 6 8 9 |  9.0
Fighting       | 2 3 4 5 |  5.6
Ice Magic      | 1 2 3 4 |  4.0
Invocations    | 2 3 5 7 8 |  8.2
Spellcasting   | 3 4 5 |  5.6

Action                   |  1- 3 |  4- 6 |  7- 9 | 10-12 || total
-------------------------+-------+-------+-------+-------++-------
Melee: Unarmed           |    65 |   224 |   320 |   142 ||   751
       Headbutt          |     5 |     8 |       |       ||    13
       Punch             |       |     2 |     5 |       ||     7
 Cast: Beastly Appendage |    15 |    21 |       |       ||    36
       Spider Form       |     1 |    17 |    19 |       ||    37
       Ice Form          |       |       |    25 |     9 ||    34
       Hydra Form        |       |       |     3 |    22 ||    25
 Abil: Spit Poison       |    22 |    28 |     5 |     6 ||    61
  Use: Scroll            |     5 |    10 |     5 |     4 ||    24
       Potion            |       |     3 |     4 |       ||     7
 Stab: Sleeping          |     1 |     2 |     2 |       ||     5
Armor: Robe              |    12 |    46 |    30 |     1 ||    89
       Skin              |       |    19 |    64 |    64 ||   147
Dodge: Dodged            |    46 |   170 |   346 |   104 ||   666

Table legend: (Time is in decaauts)
 A = Elapsed time spent in this place.
 B = Non-inter-level travel time spent in this place.
 C = Inter-level travel time spent in this place.
 D = Time resting spent in this place.
 E = Time spent auto-exploring this place.
 F = Levels seen in this place.
 G = Mean time per level.
                   A        B        C        D        E       F      G
               +--------+--------+--------+--------+--------+-----+--------+
         Total |  24519 |  23740 |    779 |   2459 |  18493 |  13 | 1886.1 |
       Dungeon |  20659 |  19881 |    778 |   1510 |  16393 |  10 | 2065.9 |
          Lair |    722 |    722 |      0 |     73 |    569 |   1 |  722.0 |
       Ossuary |    565 |    565 |      0 |     58 |    314 |   1 |  565.0 |
        Bailey |   2572 |   2572 |      0 |    817 |   1216 |   1 | 2572.0 |
               +--------+--------+--------+--------+--------+-----+--------+

Top non-repeatable levels by time:
     D:8: 4225 daAuts
     D:6: 2855 daAuts
     D:5: 2685 daAuts
  Bailey: 2572 daAuts
     D:4: 2320 daAuts
     D:1: 1623 daAuts
    D:10: 1614 daAuts
     D:2: 1596 daAuts
     D:9: 1557 daAuts
     D:7: 1375 daAuts
     D:3: 804 daAuts
  Lair:1: 722 daAuts
 Ossuary: 565 daAuts
